 Dungeon Crawl Stone Soup version 0.31-a0-940-gdaa99269f9 (webtiles) character file.

Game seed: 15581709629855020182

518 ytrimaz the Sneak (level 7, -2/64 HPs)
             Began as an Octopode Shapeshifter on Oct 20, 2023.
             Killed by divine providence
             ... invoked by an orc priest
              (13 damage)
             ... on level 4 of the Dungeon.
             The game lasted 00:03:34 (2839 turns).

ytrimaz the Sneak (Octopode Shapeshifter)           Turns: 2839, Time: 00:03:34

Health: -2/64      AC: 23    Str: 14    XL:     7   Next: 21%
Magic:  0/7        EV:  2    Int: 12    God:
Gold:   200        SH:  0    Dex: 13    Spells: 6/6 levels left

rFire   . .          .
                       - Unarmed
rCold   . . .        (no shield)
rNeg    . . .        (helmet currently unavailable)
rPois   +            n - amulet of guardian spirit
rElec   .            (no ring)
rCorr   .            (no ring)
SInv    .            (no ring)
Will    .....        (no ring)
Stlth   +++          (no ring)
HPRegen 0.30/turn    (no ring)
MPRegen 0.10/turn    (no ring)
                     (no ring)

%: guardian spirit
@: mighty, tree-form
A: stationary, stasis, torment immunity, boosted hp, almost no armour,
(amphibious), 8 rings, (camouflage 1), (gelatinous body 1), (nimble swimmer 1),
(tentacles)
a: no special abilities


You were on level 4 of the Dungeon.
You were a tree.
You visited 1 branch of the dungeon, and saw 4 of its levels.

You collected 200 gold pieces.


Innate Abilities, Weirdness & Mutations

You are a tree.
Your roots penetrate the ground, keeping you stationary.
You cannot be teleported.
You are immune to unholy pain and torment.
Your maximum health is greatly increased.
You cannot wear most types of armour.
((You are amphibious.))
You can wear up to eight rings at the same time.
((Your skin changes colour to match your surroundings (Stealth+).))
((Your rubbery body absorbs attacks. (AC +1, EV +1)))
((You are camouflaged when in or above water. (Stealth+)))
((You have tentacles for arms and can constrict up to eight enemies at once.))


   Skills:
 - Level 1.0 Fighting
 - Level 2.0 Dodging
 + Level 6.0 Stealth
 + Level 5.1 Unarmed Combat
 + Level 4.8 Shapeshifting


You had 6 spell levels left.
You didn't know any spells.
Your spell library contained the following spells:

 Spells                   Type           Power      Damage    Failure   Level
 Foxfire                  Conj/Fire      0%         2x1d4     32%         1
 Frozen Ramparts          Ice            0%         1d1       69%         3
 Mephitic Cloud           Conj/Pois/Air  0%         N/A       69%         3
 Fulminant Prism          Conj/Hex       0%         3d5       97%         4
 Petrify                  Tmut/Erth      0%         N/A       97%         4
 Metabolic Englaciation   Hex/Ice        0%         N/A       100%        5

Inventory:

Jewellery
 f - a ring of wizardry
   (You found it on level 3 of the Dungeon)
 n - an amulet of guardian spirit (around neck)
   (You found it on level 3 of the Dungeon)
Talismans
 b - a beast talisman
 c - a flux talisman
 i - a maw talisman
   (You found it on level 1 of the Dungeon)
Wands
 d - a wand of polymorph (11)
   (You found it on level 3 of the Dungeon)
 q - a wand of roots (7)
   (You found it on level 3 of the Dungeon)
Scrolls
 a - 2 scrolls of blinking
 g - 3 scrolls of teleportation
 k - a scroll of revelation
 l - a scroll of enchant armour
 m - a scroll of noise
Potions
 h - a potion of degeneration
 o - a potion of curing
 p - a potion of mutation {unknown}
 r - a potion of haste
 t - a potion of magic {unknown}

Dungeon Overview and Level Annotations

Branches:
Dungeon (4/15) Zot: 21172
 Temple: D:4-7

Altars:
Cheibriados
Nemelex Xobeh

Shops:
D:1 = D:3

: #. .. # #.#
#.. .#..## ###
#.## ..... ....
##...## ## ....
.....##.#.#.###
#) ...
#.oo)o)......
#.. #.######
#.###♣#.#.#
#..# .<.....#
..###...# ##.##
#.####.# #.#
##.## #..#. #.#
##.## #.# #.##.
..#
#.###...###.#
##.#.. ###
#...........#
#..#.# ##
#####...#####
#..#.. .# ##.##
#..... .###
##.## #.####


You could see 3 orc priests.


Message History

You hit the hound.
Dowan seems to find hidden reserves of power!
The hound barely misses you.
Unknown command.
You closely miss the hound.
The hound bites you but does no damage. x2
Dowan hits you but does no damage. 😮 HP[+1]
You barely miss the hound. The hound bites you but does no damage.
Dowan hits you but does no damage.
Unknown command.
You barely miss the hound. The hound barely misses you.
Dowan hits you but does no damage.
Unknown command.
You closely miss Dowan. The hound bites you but does no damage.
Dowan hits you but does no damage. The hound bites you.
Dowan mumbles some strange words.
Dowan blinks! 😮 HP[-2] MP[-1]
You take 2 damage, and now have 36/57 hp.
You lost 1 mp, and now have 3/6 mp.
You smack Dowan!
The orc priest casts a cantrip, but nothing happens.
The hound bites you but does no damage.
Dowan points at you and mumbles some strange words.
The shard of ice hits you!
* * * LOW HITPOINT WARNING * * *
Unknown command.
You barely miss Dowan. The hound bites you but does no damage.
Dowan mumbles some strange words.
Dowan blinks!
The hound bites you but does no damage. Dowan casts a spell at you.
The stone arrow hits you!
* * * LOW HITPOINT WARNING * * *
You hear an angry hiss. 😱 HP[-23] MP[-2]
You take 23 damage, and now have 13/57 hp.
MASSIVE DAMAGE!! (PAUSE)
You lost 2 mp, and now have 1/6 mp.
You cannot move.
Unknown command.
You feel better. The hound bites you but does no damage.
Natasha, Servant of Life and Death comes into view. 😨 HP[+9]
You regained 9 hp, and now have 22/57 hp.
You feel very mighty all of a sudden. The hound bites you but does no damage.
Dowan hits you but does no damage. The hound bites you but does no damage.
Dowan hits you but does no damage. 😨 HP[+1] MP[+1]
You feel better. The hound completely misses you.
Dowan hits you but does no damage. 😮 HP[+7]
You regained 7 hp, and now have 30/57 hp.
Unknown command.
You pummel Dowan!!
You kill Dowan!
The hound bites you but does no damage.
The orc priest mumbles some strange prayers to Beogh against you.
Beogh smites you!
* * * LOW HITPOINT WARNING * * *
Natasha claws you.
* * * LOW HITPOINT WARNING * * *
Your Unarmed Combat skill increases to level 5!
You have reached level 7! 😨 HP[-11] MP[-2]
You now have 64 max hp (+7).
You take 11 damage, and now have 19/64 hp.
You lost 2 mp, and now have 0/7 mp.
You smack Natasha!
The hound bites you but does no damage.
The orc priest miscasts a cantrip.
The hound bites you but does no damage. 😨 HP[+1] Unknown command.
You pummel Natasha!!
You kill Natasha!
Natasha screams in pain as she dies!
The hound bites you but does no damage.
The orc priest begins to cast a cantrip, but forgets the words!
You cannot move.
Unknown command.
You hit the hound. The hound bites you but does no damage.
The orc priest mumbles some strange prayers to Beogh against you.
Beogh smites you!
* * * LOW HITPOINT WARNING * * *
😱 HP[-10]
You take 10 damage, and now have 10/64 hp.
You barely miss the hound.
The hound stops to sniff the ground.
The hound bites you but does no damage. x2
The orc priest looks encouraged for a moment.
Unknown command.
You closely miss the hound.
The hound bites you but does no damage. 😱 HP[+1]
You smack the hound!
You kill the hound!
Your Stealth skill increases to level 6!
Unknown command.
You smack the orc priest!
The orc priest invokes the aid of Beogh against you.
Beogh smites you!
You die...

Skill      XL: |  1  2  3  4  5  6  7 |
---------------+----------------------+-----
Stealth        | 1 2 4 5 6 |  6.0
Unarmed Combat | 4 5 |  5.1
Shapeshifting  | 4 |  4.8
Fighting       | |  1.0
Dodging        | |  2.0

Action                     |  1- 3 |  4- 6 |  7- 9 || total
---------------------------+-------+-------+-------++-------
  Melee: Unarmed           |    72 |    74 |     7 ||   153
         Constrict         |    17 |    11 |       ||    28
         Tentacles         |     8 |    14 |       ||    22
         Punch             |     2 |     5 |       ||     7
    Use: Potion            |     1 |     5 |       ||     6
         Scroll            |       |    10 |       ||    10
   Stab: Sleeping          |     4 |    11 |       ||    15
 Armour: Skin              |    50 |    70 |     7 ||   127
  Dodge: Dodged            |    39 |    28 |       ||    67

Levels and vault maps discovered:
D:1:      doesnt_arrival_eight_statues, layout_basic, serial_shops, shop
D:2:      layout_basic
D:3:      layout_loops_ring, slow_altar_1, nicolae_shop_vocational
D:4:      minmay_evil_eye, layout_loops_ring, nemelex_xobeh_ov_fountains_minmay,
          uniq_blork_the_orc, uniq_natasha, uniq_duvessa

Notes
Turn   | Place    | Note
-------+----------+-------------------------------------------
     0 | D:1      | ytrimaz the Octopode Shapeshifter began the quest for the
                  | Orb.
     0 | D:1      | Reached XP level 1. HP: 13/13 MP: 1/1
    12 | D:1      | You pick up a book of Sloth and begin reading...
    12 | D:1      | You add the spells Frozen Ramparts, Petrify and Metabolic
                  | Englaciation to your library.
    13 | D:1      | magus.rc [v1.9.6]
    62 | D:1      | Found Ycwix's Jewellery Boutique.
    70 | D:1      | Reached skill level 1 in Stealth
    70 | D:1      | Reached XP level 2. HP: 14/18 MP: 2/2
   161 | D:1      | HP: 3/18 [quokka (2)]
   163 | D:1      | HP: 1/18 [jackal (2)]
   181 | D:1      | Reached skill level 2 in Stealth
   268 | D:1      | Reached XP level 3. HP: 23/23 MP: 3/3
  1566 | D:2      | Reached XP level 4. HP: 28/28 MP: 4/4
  1642 | D:3      | Identified the "Qitzidd"
  1642 | D:3      | Found Qickid's Vocational Training.
  1657 | D:3      | You add the spells Foxfire, Mephitic Cloud and Fulminant
                  | Prism to your library.
  1687 | D:3      | Reached skill level 3 in Stealth
  2045 | D:3      | Found a snail-covered altar of Cheibriados.
  2254 | D:4      | Found a sparkling altar of Nemelex Xobeh.
  2288 | D:4      | Noticed Blork the orc
  2294 | D:4      | Killed Blork the orc
  2295 | D:4      | Reached skill level 4 in Stealth
  2295 | D:4      | Reached skill level 4 in Unarmed Combat
  2295 | D:4      | Reached XP level 5. HP: 33/33 MP: 5/5
  2392 | D:4      | Noticed a centaur
  2400 | D:4      | Killed a centaur
  2401 | D:4      | Reached skill level 4 in Shapeshifting
  2401 | D:4      | Reached XP level 6. HP: 23/38 MP: 3/6
  2564 | D:4      | Noticed Natasha
  2571 | D:4      | Killed Natasha
  2630 | D:4      | Reached skill level 5 in Stealth
  2800 | D:4      | Noticed Duvessa
  2805 | D:4      | Noticed Dowan
  2815 | D:4      | Killed Duvessa
  2828 | D:4      | HP: 13/57 [Dowan/stone arrow (14)]
  2829 | D:4      | Noticed Natasha
  2832 | D:4      | Killed Dowan
  2833 | D:4      | Reached skill level 5 in Unarmed Combat
  2833 | D:4      | Reached XP level 7. HP: 19/43 MP: 0/7
  2834 | D:4      | Killed Natasha
  2835 | D:4      | HP: 10/64 [orc priest/divine providence (10)]
  2839 | D:4      | Reached skill level 6 in Stealth
  2839 | D:4      | Killed from afar by an orc priest

Vanquished Creatures
  Duvessa (D:4)
  A centaur (D:4)
  Blork the orc (D:4)
  Dowan (D:4)
  A gnoll bouda (D:4)
  A hound (D:4)
  An iguana (D:4)
  Natasha (twice) (D:4)
  2 adders
  A worm (D:3)
  5 dart slugs (D:1)
  3 orcs (D:4)
  5 endoplasms
  2 giant cockroaches (D:4)
  6 goblins
  7 hobgoblins
  4 jackals (D:1)
  2 quokkas
  5 ball pythons
  2 bats (D:1)
  2 frilled lizards
  8 kobolds
  5 rats
68 creatures vanquished.

Table legend:
 A = Non-vault XP
 B = Vault XP
 C = Vault XP percentage of total XP
 D = Non-vault monster count
 E = Vault monster count
 F = Vault count percentage of total count
                 A         B        C        D         E       F
            +---------+---------+-------+---------+---------+-------
      Total |     355 |     385 |  52.0 |      59 |       9 |  13.2
            +---------+---------+-------+---------+---------+-------
        D:1 |      62 |       0 |   0.0 |      30 |       0 |   0.0
        D:2 |      20 |       0 |   0.0 |       5 |       0 |   0.0
        D:3 |      33 |       5 |  13.2 |      13 |       1 |   7.1
        D:4 |     240 |     380 |  61.3 |      11 |       8 |  42.1
            +---------+---------+-------+---------+---------+-------

Skill      XL: |  1  2  3  4  5  6  7 |
---------------+----------------------+-----
Stealth        | 1 2 4 5 6 |  6.0
Unarmed Combat | 4 5 |  5.1
Shapeshifting  | 4 |  4.8
Fighting       | |  1.0
Dodging        | |  2.0

Action                     |  1- 3 |  4- 6 |  7- 9 || total
---------------------------+-------+-------+-------++-------
  Melee: Unarmed           |    72 |    74 |     7 ||   153
         Constrict         |    17 |    11 |       ||    28
         Tentacles         |     8 |    14 |       ||    22
         Punch             |     2 |     5 |       ||     7
    Use: Potion            |     1 |     5 |       ||     6
         Scroll            |       |    10 |       ||    10
   Stab: Sleeping          |     4 |    11 |       ||    15
 Armour: Skin              |    50 |    70 |     7 ||   127
  Dodge: Dodged            |    39 |    28 |       ||    67

Illustrated notes

Table legend:
 A = Kills in this place as a percentage of kills in the entire game.
 B = Kills by you in this place as a percentage of kills by you in the entire game.
 C = Kills by friends in this place as a percentage of kills by friends in the entire game.
 D = Other kills in this place as a percentage of other kills in the entire game.
 E = Experience gained in this place as a percentage of experience gained in the entire game.
 F = Experience gained in this place divided by the number of levels of this place that you have seen.
                   A       B       C       D       E      F
               +-------+-------+-------+-------+-------+----------------------
         Total | 100.0 | 100.0 |   N/A |   N/A | 100.0 | 185.0
       Dungeon | 100.0 | 100.0 |   N/A |   N/A | 100.0 | 185.0
               +-------+-------+-------+-------+-------+----------------------

Table legend: (Time is in decaauts)
 A = Elapsed time spent in this place.
 B = Non-inter-level travel time spent in this place.
 C = Inter-level travel time spent in this place.
 D = Time resting spent in this place.
 E = Time spent auto-exploring this place.
 F = Levels seen in this place.
 G = Mean time per level.
                   A        B        C        D        E       F      G
               +--------+--------+--------+--------+--------+-----+--------+
         Total |   2827 |   2731 |     96 |      0 |   2260 |   4 |  706.8 |
       Dungeon |   2827 |   2731 |     96 |      0 |   2260 |   4 |  706.8 |
               +--------+--------+--------+--------+--------+-----+--------+

Top non-repeatable levels by time:
     D:1: 871 daAuts
     D:2: 764 daAuts
     D:4: 618 daAuts
     D:3: 571 daAuts
